 Dungeon Crawl Stone Soup version 0.27-a0-394-g49c82dfaf2 (webtiles) character file.

Game seed: 2725468242028202061

99219 sahdkjhfkaj the Unseen (level 15, -11/77 HPs)
             Began as a Spriggan Earth Elementalist on Feb 20, 2021.
             Was an Initiate of Gozag.
             Mangled by a two-headed ogre
             ... wielding a +0 giant club
              (23 damage)
             ... while paralysed by an ogre mage
             ... on level 2 of the Orcish Mines.
             The game lasted 01:08:50 (44403 turns).

sahdkjhfkaj the Unseen (SpEE)                      Turns: 44403, Time: 01:08:50

Health: -11/77     AC:  4    Str:  6    XL:     15   Next: 77%
Magic:  31/35      EV:  4    Int: 24    God:    Gozag
Gold:   6569       SH:  0    Dex: 37    Spells: 19/44 levels left

rFire    . . .     SeeInvis +   a - +8 rapier of the Onslaught {speed, rN+ Str-4 Dex+7 Stlth+}
rCold    x . .     Faith    .   (shield restricted)
rNeg     + + .     Spirit   .   F - +2 robe {Archmagi}
rPois    .         Reflect  .   (helmet restricted)
rElec    .         Harm     .   (no cloak)
rCorr    .         Rampage  .   (gloves unavailable)
Will     ++...                  (boots unavailable)
Stlth    ++++++++..             (no amulet)
HPRegen  0.22/turn              c - ring "Tecwoetz" {rC- Int+6 Dex+7}
MPRegen  0.24/turn              R - ring "Unwulum" {rN+ Str+6 Dex+2}

@: paralysed, very quick
A: very small, unfitting armour, see invisible, speed 3
a: Renounce Religion, Potion Petition, Call Merchant, Bribe Branch


You were on level 2 of the Orcish Mines.
You worshipped Gozag.
Gozag was greatly pleased with you.
You visited 4 branches of the dungeon, and saw 24 of its levels.
You also visited: Gauntlet.

You collected 7131 gold pieces.
You spent 481 gold pieces at shops.
You paid 81 gold pieces to Gozag.

Inventory:

Hand Weapons
 a - the +8 rapier of the Onslaught (weapon) {speed, rN+ Str-4 Dex+7 Stlth+}
   (You acquired it on level 6 of the Lair of Beasts)

   Attacks with this weapon are significantly faster.
   It affects your strength (-4).
   It affects your dexterity (+7).
   It protects you from negative energy.
   It makes you more stealthy.
Missiles
 m - 593 stones
Armour
 F - a +2 robe of the Archmagi (worn)
Jewellery
 c - the ring "Tecwoetz" (left hand) {rC- Int+6 Dex+7}
   (You found it on level 4 of the Lair of Beasts)

   [ring of intelligence]

   It affects your intelligence (+6).
   It affects your dexterity (+7).
   It makes you vulnerable to cold.
 q - a ring of protection from cold
 t - an amulet of guardian spirit
 x - an amulet of reflection
 y - an amulet of regeneration
 A - a ring of flight
 J - a ring of protection from fire
 R - the ring "Unwulum" (right hand) {rN+ Str+6 Dex+2}
   (You bought it in a shop on level 5 of the Dungeon)

   [ring of positive energy]

   It affects your strength (+6).
   It affects your dexterity (+2).
   It protects you from negative energy.
 S - a ring of wizardry
 T - a +6 ring of dexterity
 W - a ring of protection from fire
Wands
 j - a wand of polymorph (22)
 k - a wand of flame (52)
 s - a wand of random effects (94)
 C - a wand of iceblast (16)
 G - a wand of mindburst (49)
 I - a wand of digging (13)
 L - a wand of acid (18)
Scrolls
 e - a scroll of blinking {!r}
 f - 4 scrolls of enchant armour {!r}
 g - 3 scrolls of immolation {!r}
 h - 3 scrolls of enchant weapon {!r}
 n - 4 scrolls of amnesia {!r}
 o - 12 scrolls of teleportation {!r}
 r - 2 scrolls of fear {!r}
 K - 2 scrolls of fog {!r}
 M - a scroll of brand weapon {!r}
 N - 2 scrolls of vulnerability {!r}
 O - a scroll of silence {!r}
 U - 2 scrolls of magic mapping {!r}
 X - a scroll of holy word {!r}
Potions
 b - 9 potions of curing {!q}
 d - a potion of ambrosia {!q}
 i - a potion of cancellation {!q}
 l - 4 potions of heal wounds {!q}
 p - 6 potions of might {!q}
 u - 5 potions of haste {!q}
 v - 3 potions of brilliance {!q}
 w - 4 potions of mutation {!q}
 z - 2 potions of berserk rage {!q, unknown}
 B - 4 potions of magic {!q}
 D - 4 potions of lignification {!q}
 E - a potion of attraction {!q, unknown}
 P - a potion of invisibility {!q, unknown}
 Q - a potion of flight {!q}
 V - a potion of resistance {!q, unknown}
Miscellaneous
 H - a lightning rod (4/4)


   Skills:
 - Level 8.0 Fighting
 - Level 9.0 Short Blades
 - Level 13.0 Dodging
 - Level 15.0 Stealth
 + Level 2.9 Shields
 - Level 15.0 Spellcasting
 - Level 6.0 Conjurations
 - Level 11.0 Hexes
 - Level 2.0 Translocations
 - Level 10.0 Transmutations
 - Level 7.0 Earth Magic
 - Level 10.0 Evocations


You had 19 spell levels left.
You knew the following spells:

 Your Spells              Type           Power        Failure   Level
a - Sandblast             Erth           100%         1%          1
b - Mephitic Cloud        Conj/Pois/Air  41%          4%          3
d - Lee's Rapid Deconstr  Erth           33%          4%          5
e - Petrify               Tmut/Erth      73%          1%          4
g - Confusing Touch       Hex            82%          1%          3
w - Passwall              Tmut/Erth      60%          1%          2
x - Stone Arrow           Conj/Erth      100%         1%          3
A - Ozocubu's Armour      Ice            27%          10%         3
G - Apportation           Tloc           82%          1%          1

Your spell library contained the following spells:

 Spells                   Type           Power        Failure   Level
 Corona                   Hex            91%          1%          1
 Slow                     Hex            82%          1%          2
 Inner Flame              Hex/Fire       61%          1%          3
 Portal Projectile        Hex/Tloc       100%         1%          3
 Cause Fear               Hex            41%          1%          4
 Leda's Liquefaction      Hex/Erth       37%          1%          4
 Yara's Violent Unravell  Hex/Tmut       40%          1%          5
 Conjure Flame            Conj/Fire      48%          2%          3
 Animate Skeleton         Necr           54%          3%          1
 Freeze                   Ice            100%         3%          1
 Summon Small Mammal      Summ           100%         3%          1
 Poisonous Vapours        Pois/Air       54%          4%          2
 Gell's Gravitas          Tloc           20%          4%          3
 Iskenderun's Battlesphe  Conj           63%          8%          5
 Hailstorm                Conj/Ice       48%          9%          4
 Metabolic Englaciation   Hex/Ice        30%          9%          5
 Silence                  Hex/Air        30%          9%          5
 Frozen Ramparts          Ice            54%          10%         3
 Bolt of Magma            Conj/Fire/Erth 27%          16%         5
 Borgnjor's Vile Clutch   Necr/Erth      25%          21%         5
 Animate Dead             Necr           13%          30%         4
 Summon Ice Beast         Ice/Summ       27%          30%         4
 Summon Lightning Spire   Summ/Air       27%          30%         4
 Iron Shot                Conj/Erth      32%          32%         6
 Conjure Ball Lightning   Conj/Air       24%          80%         6
 Freezing Cloud           Conj/Ice/Air   20%          91%         6
 Orb of Destruction       Conj           31%          92%         7
 Death Channel            Necr           13%          99%         6
 Simulacrum               Ice/Necr       13%          99%         6
 Spellforged Servitor     Conj/Summ      24%          100%        7
 Tornado                  Air            13%          100%        9


Dungeon Overview and Level Annotations

Branches:
Dungeon (15/15)            Temple (1/1) D:5            Lair (6/6) D:9
  Swamp (0/4) Lair:2        Snake (0/4) Lair:3        Slime (0/5) Lair:6
    Orc (2/2) D:11            Elf (0/3) Orc:2        Vaults (0/5) D:14
 Depths (0/5) D:15        Gauntlet (visited)

Altars:
Ashenzari
Cheibriados
Dithmenos
Elyvilon
Fedhas
Gozag
Hepliaklqana
Kikubaaqudgha
Makhleb
Nemelex Xobeh
Okawaru
Qazlal
Ru
Sif Muna
Trog
Uskayaw
Vehumet
Wu Jian
Xom
Yredelemnul
Zin
The Shining One

Shops:
D:5 =   D:7 (:?*   D:12 !   D:14 [

Annotations:
Lair:3 exclusion: 3 oklob plants
Lair:6 exclusion: 4 oklob plants


Innate Abilities, Weirdness & Mutations

You are very small and have problems with some larger weapons.
You are too small for most types of armour.
You have supernaturally acute eyesight. (SInv)
You cover ground extremely quickly.


Message History

A two-headed ogre is nearby!
Casting: Lee's Rapid Deconstruction (dangerous; 4% risk of failure)
Confirm with . or Enter, or press ? or * to list all spells.
Aiming: Lee's Rapid Deconstruction (dangerous; 4% risk of failure)
Press: ? - help, Dir - move target A rock wall.
You feel a surge of power!
The wall shatters!
The blast of rock fragments hits the two-headed ogre!!!
The two-headed ogre is almost dead.
The two-headed ogre shouts in stereo!
You hear two shouts!
You hear a shout!
A two-headed ogre comes into view.
It is wielding a +0 dire flail and a +0 giant club.
A two-headed ogre comes into view.
It is wielding two +0 giant spiked clubs.
You hear a shout!
A two-headed ogre and an ogre mage come into view.
The ogre mage is wielding a +0 whip and wearing a +1 robe of positive energy.
You hear a shout! x5
An ogre comes into view. It is wielding a +0 giant club.
An ogre comes into view.
It is wielding a +0 giant spiked club. 2 orcs come into view.
The ogre shouts!
The orc shouts!
The two-headed ogre shouts in stereo!
An orc comes into view. It is wielding a +0 dagger.
The ogre shouts!
You hear a shout!
An orc warrior and an orc priest come into view.
The orc shouts!
You hear a shout!
An orc warrior comes into view.
It is wielding a +1 short sword of holy wrath.
An orc comes into view. It is wielding a +0 hand axe.
You hear a shout!
An orc comes into view. It is wielding a +0 dagger.
The ogre mage points at you and mumbles some strange words.
You suddenly lose the ability to move!
The two-headed ogre hits you with a +0 giant club! x2
The two-headed ogre hits you with a +0 dire flail!!
* * * LOW HITPOINT WARNING * * *
The two-headed ogre hits you with a +0 giant club!
* * * LOW HITPOINT WARNING * * *
The two-headed ogre hits you with a +0 giant club.
* * * LOW HITPOINT WARNING * * *
The two-headed ogre hits you with a +0 giant club!!
You die...
Your body crumbles into a pile of gold.

...#... ...
o...o.. $ ...#
###oooo.##
$...####....o...#
..........Oo...
#......OOO.#
#..........#
#....OOO#.##
##....@####
#......###
#......#.###
.............#
.....##.....###
....# #.....#.#
.... ###.....#
... ##....## ##
#....<#


You could see 4 two-headed ogres, an ogre mage, 2 orc warriors, 2 ogres, an orc
priest and 5 orcs.

Vanquished Creatures
  Jorgrun (D:12)
  Louise (D:14)
  Nessos (D:13)
  Josephine (D:10)
  A vault guard (D:14)
  Harold (D:9)
  10 hydras
  6 boulder beetles
  2 catoblepae
  3 centaur warriors (D:15)
  7 two-headed ogres
  A death knight (D:11)
  A deep troll shaman (Lair:6)
  A vampire mage (D:15)
  5 death yaks
  A skeletal warrior (D:15)
  2 unseen horrors (D:14)
  A bog body (Lair:2)
  Pikel (D:6)
  A necromancer (D:15)
  2 orc knights
  An orb spider (shapeshifter) (Gauntlet)
  10 ugly things
  A deep elf pyromancer (D:14)
  4 cyclopes
  An oklob plant (Lair:4)
  A wolf spider (Lair:4)
  A manticore (D:13)
  4 centaur zombies
  Maurice (D:12)
  A guardian serpent (Lair:3)
  5 black mambas
  12 elephants
  A torpor snail (Lair:6)
  Joseph (D:7)
  9 cane toads
  4 gargoyles
  A kobold demonologist (D:15)
  Psyche (D:9)
  A rime drake (Lair:6)
  An efreet (D:15)
  8 komodo dragons
  A guardian mummy (D:15)
  A tengu conjurer (D:15)
  9 trolls
  A freezing wraith (D:14)
  4 polar bears
  3 meliai (D:15)
  A queen bee (shapeshifter) (D:15)
  A snapping turtle (shapeshifter) (Gauntlet)
  2 hornets
  8 slime creatures
  24 blink frogs
  A fire dragon zombie (D:15)
  16 dream sheep
  An ice dragon skeleton (D:15)
  A tarantella (Lair:4)
  A redback (Lair:4)
  A shadow (D:11)
  2 ettin skeletons (D:15)
  5 wraiths
  6 wyverns
  45 yaks
  5 basilisks
  5 humans
  2 steam dragons (D:10)
  14 vampire mosquitoes
  A soldier ant (Gauntlet)
  3 wargs
  An acid dragon (D:15)
  11 water moccasins
  The ghost of scottley the Ruffian, an amateur TrMo (D:6)
  8 ice beasts
  12 orc warriors
  2 black bears
  A necrophage (D:12)
  An eye of draining (shapeshifter) (Gauntlet)
  8 ogres
  13 centaurs
  16 wolves
  3 kobold brigands
  15 bullfrogs
  A wyvern zombie (D:6)
  3 scorpions
  3 killer bees (D:12)
  2 water moccasin skeletons
  23 wights
  4 howler monkeys
  A bullfrog zombie (D:10)
  2 lava snakes (Lair:4)
  4 hounds
  7 orc priests
  6 iguanas
  10 jellies
  3 bullfrog skeletons
  6 centaur skeletons
  20 orc wizards
  13 worker ants
  6 hell rats (Lair:5)
  A killer bee zombie (D:10)
  2 hound skeletons (D:8)
  2 hound zombies
  4 gnolls (D:4)
  12 adders
  A shadow imp (D:6)
  5 white imps
  4 ufetubi
  An ooze (D:5)
  An adder zombie (D:6)
  5 worms
  A leopard gecko (D:1)
  67 orcs
  3 ball pythons
  8 bats
  7 giant cockroaches
  11 goblins
  7 hobgoblins
  19 jackals
  21 kobolds
  5 quokkas
  7 frilled lizards
  A giant cockroach zombie (D:5)
  2 leopard gecko zombies
  6 rats
  A bush (D:7)
693 creatures vanquished.

Vanquished Creatures (others)
  A centaur zombie (D:15)
  A yak (Lair:6)
  52 fungi
  52 plants
  9 withered plants (D:15)
115 creatures vanquished.

Grand Total: 808 creatures vanquished

Notes
Turn   | Place    | Note
-------+----------+-------------------------------------------
     0 | D:1      | sahdkjhfkaj the Spriggan Earth Elementalist began the quest
                  | for the Orb.
     0 | D:1      | Reached XP level 1. HP: 9/9 MP: 5/5
   240 | D:1      | Reached XP level 2. HP: 13/13 MP: 5/7
   871 | D:2      | Reached XP level 3. HP: 16/16 MP: 5/9
  1090 | D:1      | Learned a level 3 spell: Stone Arrow
  1094 | D:1      | Learned a level 2 spell: Passwall
  2042 | D:2      | Reached XP level 4. HP: 21/21 MP: 4/11
  2229 | D:2      | Reached skill level 5 in Spellcasting
  2229 | D:2      | Reached skill level 1 in Short Blades
  2414 | D:2      | Reached skill level 1 in Fighting
  2871 | D:2      | Reached XP level 5. HP: 25/25 MP: 3/13
  4910 | D:4      | Reached XP level 6. HP: 30/30 MP: 8/16
  4939 | D:4      | HP: 1/30 [something (4)]
  6023 | D:4      | Reached skill level 1 in Conjurations
  6043 | D:4      | Reached XP level 7. HP: 25/33 MP: 1/18
  6441 | D:4      | Learned a level 4 spell: Petrify
  6462 | D:5      | Entered Level 5 of the Dungeon
  6462 | D:5      | Found a staircase to the Ecumenical Temple.
  6527 | Temple   | Entered the Ecumenical Temple
  6600 | Temple   | Became a worshipper of Gozag Ym Sagoz the Greedy
  7730 | D:5      | Found a basalt altar of Yredelemnul.
  7738 | D:5      | Found a snail-covered altar of Cheibriados.
  7807 | D:5      | Found Zomnati's Jewellery Boutique.
  8358 | D:6      | Reached skill level 1 in Evocations
  8358 | D:6      | Noticed a human
  8370 | D:5      | Reached XP level 8. HP: 24/40 MP: 3/21
  9469 | D:6      | Reached skill level 5 in Dodging
 10019 | D:6      | Noticed scottley's ghost (amateur TrMo)
 10022 | D:6      | Found a runed translucent door.
 10056 | D:6      | Killed scottley's ghost
 10057 | D:6      | Reached XP level 9. HP: 29/44 MP: 0/23
 10700 | D:7      | Noticed Pikel
 10955 | D:6      | Killed Pikel
 10956 | D:6      | Reached skill level 5 in Earth Magic
 10956 | D:6      | Reached skill level 5 in Short Blades
 11379 | D:7      | Found Uwahel Jevon's Book Emporium.
 11387 | D:7      | Found Voixyk's Antique Weapon Shop.
 11392 | D:7      | Learned a level 1 spell: Apportation
 11396 | D:7      | Learned a level 3 spell: Confusing Touch
 11639 | D:7      | Noticed Joseph
 11928 | D:7      | Found Jijesm's Assorted Antiques.
 12470 | D:7      | Found Rubbuixi's Magic Scroll Shoppe.
 12695 | D:7      | Killed Joseph
 13727 | D:8      | Reached XP level 10. HP: 49/49 MP: 17/24
 13836 | D:8      | Reached skill level 10 in Spellcasting
 15310 | D:9      | You fall into a shaft and drop 2 floors!
 15475 | D:10     | Entered Level 10 of the Dungeon
 15878 | D:9      | Noticed Harold
 15902 | D:9      | Killed Harold
 15903 | D:9      | Reached skill level 10 in Stealth
 16194 | D:9      | Found a staircase to the Lair.
 16280 | D:9      | Noticed Psyche
 16288 | D:9      | Killed Psyche
 17479 | D:10     | Noticed Josephine
 17962 | D:10     | Reached XP level 11. HP: 40/51 MP: 24/28
 18406 | D:10     | Killed Josephine
 18407 | D:10     | Reached skill level 5 in Fighting
 19097 | Lair:1   | Entered Level 1 of the Lair of Beasts
 20500 | Lair:2   | Found a staircase to the Swamp.
 20500 | Lair:2   | Noticed a bog body
 20504 | Lair:2   | Killed a bog body
 20505 | Lair:2   | Reached skill level 5 in Conjurations
 21375 | Lair:2   | Reached skill level 5 in Transmutations
 21731 | Lair:2   | Reached XP level 12. HP: 61/61 MP: 15/29
 23934 | Lair:2   | Found a staircase to the Swamp.
 24663 | Lair:3   | Found a staircase to the Snake Pit.
 24934 | Lair:3   | Found a hide-covered altar of Uskayaw.
 24935 | Lair:3   | Noticed a boulder beetle
 24943 | Lair:3   | Found an ornate altar of the Wu Jian Council.
 24952 | Lair:3   | Killed a boulder beetle
 25108 | Lair:4   | Found a runed translucent door.
 25525 | Lair:4   | You fall into a shaft and drop 2 floors!
 25525 | Lair:6   | Entered Level 6 of the Lair of Beasts
 25525 | Lair:6   | Noticed a death yak
 25525 | Lair:6   | Noticed a death yak
 25525 | Lair:6   | Noticed a death yak
 25526 | Lair:6   | Noticed a boulder beetle
 25573 | Lair:5   | Found a gate leading to a gauntlet.
 25581 | Gauntlet | Entered a Gauntlet
 25581 | Gauntlet | Found a transporter.
 25581 | Gauntlet | Found a runed translucent door.
 25582 | Gauntlet | Found a runed translucent door.
 25586 | Gauntlet | Found a transporter.
 25589 | Gauntlet | Found a transporter.
 25602 | Gauntlet | Found a transporter.
 25604 | Gauntlet | Found a transporter.
 25613 | Gauntlet | Found a transporter.
 25629 | Gauntlet | Found a transporter.
 25640 | Gauntlet | Found a transporter.
 25652 | Gauntlet | Found a transporter.
 25668 | Gauntlet | Found a transporter.
 25682 | Gauntlet | Found a transporter.
 25684 | Gauntlet | Found a transporter.
 25685 | Gauntlet | Noticed a queen ant
 25736 | Gauntlet | Found a transporter.
 25741 | Gauntlet | Noticed a green death
 25754 | Gauntlet | Found a transporter.
 26106 | Gauntlet | Reached skill level 10 in Dodging
 26331 | Gauntlet | Identified the +4 quarterstaff of Nightmares {drain, Will+
                  | Int+4 Dex+4}
 26331 | Gauntlet | Noticed a minotaur
 26376 | Lair:5   | Noticed a boulder beetle
 26391 | Lair:5   | Killed a boulder beetle
 28226 | Lair:4   | Noticed a boulder beetle
 28312 | Lair:4   | Noticed a boulder beetle
 28326 | Lair:4   | Killed a boulder beetle
 28336 | Lair:4   | Banished a boulder beetle
 28337 | Lair:4   | Reached XP level 13. HP: 59/65 MP: 23/31
 28378 | Lair:4   | Got a scorched turquoise ring
 28383 | Lair:4   | Identified the ring "Tecwoetz" {rC- Int+6 Dex+7} (You found
                  | it on level 4 of the Lair of Beasts)
 31580 | Lair:5   | Reached skill level 10 in Evocations
 32210 | Lair:6   | Reached skill level 10 in Transmutations
 32242 | Lair:6   | Reached skill level 1 in Hexes
 33080 | Lair:5   | Learned a level 5 spell: Lee's Rapid Deconstruction
 33361 | Lair:6   | Reached XP level 14. HP: 70/70 MP: 22/32
 33873 | Lair:6   | Found a staircase to the Slime Pits.
 34223 | Lair:6   | Reached skill level 15 in Stealth
 35362 | Lair:6   | Identified a scroll of acquirement {!r}
 35696 | D:5      | Bought the ring "Unwulum" {rN+ Str+6 Dex+2} for 481 gold
                  | pieces
 35698 | D:5      | Acquired the +8 rapier of the Onslaught {speed, rN+ Str-4
                  | Dex+7 Stlth+}
 36284 | D:11     | Learned a level 3 spell: Mephitic Cloud
 37157 | D:11     | Found a staircase to the Orcish Mines.
 37282 | D:12     | Noticed Jorgrun
 37290 | D:12     | Killed Jorgrun
 37501 | D:12     | Reached skill level 5 in Hexes
 37692 | D:12     | Noticed Maurice
 37700 | D:12     | Killed Maurice
 37830 | D:12     | You fall into a shaft and drop 2 floors!
 37830 | D:14     | Found the +8 frozen axe "Frostbite" {freezing cloud, *Noise
                  | +Fly rC+}
 37898 | D:14     | Paralysed by a hornet for 2 turns
 38716 | D:14     | Noticed Louise
 38748 | D:14     | Killed Louise
 38848 | D:14     | Reached XP level 15. HP: 77/77 MP: 29/33
 38852 | D:14     | Reached skill level 1 in Shields
 38980 | D:14     | Found a gate to the Vaults.
 39031 | D:14     | Found Zuqiv's Armour Shoppe.
 39333 | D:13     | Found a sparkling altar of Nemelex Xobeh.
 39407 | D:13     | Noticed Nessos
 39422 | D:13     | Killed Nessos
 39900 | D:13     | You fall into a shaft and drop 2 floors!
 39900 | D:15     | Entered Level 15 of the Dungeon
 39921 | D:15     | Found a snail-covered altar of Cheibriados.
 40691 | D:12     | Learned a level 3 spell: Ozocubu's Armour
 41186 | D:12     | Found Odeh's Distillery.
 41288 | D:15     | Found a staircase to the Depths.
 41470 | D:15     | Reached skill level 15 in Spellcasting
 42342 | D:15     | Reached skill level 10 in Hexes
 43742 | Orc:1    | Entered Level 1 of the Orcish Mines
 44383 | Orc:2    | Entered Level 2 of the Orcish Mines
 44385 | Orc:2    | Found a staircase to the Elven Halls.
 44400 | Orc:2    | Paralysed by an ogre mage for 6 turns
 44403 | Orc:2    | Mangled by a two-headed ogre

Illustrated notes

Levels and vault maps discovered:
D:1:      dpeg_arrival_more_subterranean_lakeside_camping, layout_basic
D:2:      layout_basic, st_stairs_4
D:3:      layout_basic
D:4:      layout_basic
D:5:      minmay_spotlight, layout_loops_corners, kennysheep_mini,
          minmay_temple_entry_statues_fountains, serial_shops,
          nicolae_shop_statue_plus, minmay_misc_feat_ornament,
          lemuel_altar_in_water
D:6:      layout_loops_cross, hellmonk_ghost_happy_afterlife, minmay_ruffians
D:7:      layout_rooms, serial_shops, shop, shop_coins, nicolae_shop_crystal,
          shop, kb_lookout_dungeons_type, kennysheep_generic_room_10,
          uniq_pikel, uniq_joseph
D:8:      layout_basic
D:9:      layout_cave_pods, lair_entry_dummy, uniq_psyche, uniq_harold
D:10:     kennysheep_steamy, layout_gridville, minmay_misc_feat_alley,
          uniq_josephine
D:11:     layout_roguey, hiddenorc1_lemuel
D:12:     layout_basic, serial_shops,
          nicolae_shop_temple_entry_statues_fountains, uniq_jorgrun,
          uniq_maurice
D:13:     layout_basic, nemelex_xobeh_ov_fountains_minmay, uniq_nessos
D:14:     layout_roguey, david_vaults_5, roderic_roman_lattice, serial_shops,
          nicolae_shop_crystal, uniq_louise
D:15:     gammafunk_depths_entry_grave, layout_rooms, basic_altar,
          nicolae_sextant
Temple:   dpeg_three_leaves_temple
Lair:1:   layout_long_grid, grunt_megastairs_3
Lair:2:   layout_cellular_growth, skrybe_swamp_entry_bodies, minivault_19,
          grunt_forest_stairs_basic
Lair:3:   layout_big_grid, minmay_snake_entry_spellcaster,
          nzn_masters_of_martial_movement, minmay_lair_oklob_chamber
Lair:4:   gammafunk_indiana_jones, layout_layer_cave
Lair:5:   layout_hall_layers, gauntlet_entry_generic
Lair:6:   grunt_lair_end_beastmaster, layout_regular_city,
          minmay_slime_entry_oklob_enclosed, grunt_megastairs_1
Orc:1:    layout_diamond_mine, nicolae_orc_bridge_out, lightli_orcish_oven
Orc:2:    grunt_orc_tribal_feast, layout_diamond_mine

Skill      XL: |  1  2  3  4  5  6  7  8  9 10 11 12 13 14 15 |
---------------+----------------------------------------------+-----
Spellcasting   | 3 4 5 6 7 8 9 12 13 15 | 15.0
Earth Magic    | 3 4 5 6 7 |  7.0
Stealth        | 4 7 10 13 14 15 | 15.0
Short Blades   | 1 2 3 7 8 9 |  9.0
Fighting       | 1 3 4 6 8 |  8.0
Conjurations   | 1 3 5 6 |  6.0
Evocations     | 2 6 10 | 10.0
Dodging        | 5 8 10 11 13 | 13.0
Translocations | 2 |  2.0
Transmutations | 6 9 10 | 10.0
Hexes          | 3 9 11 | 11.0
Shields        | 2 |  2.9

Action                   |  1- 3 |  4- 6 |  7- 9 | 10-12 | 13-15 || total
-------------------------+-------+-------+-------+-------+-------++-------
Melee: Unarmed           |    32 |       |       |       |       ||    32
       Short sword       |    33 |    39 |   207 |    75 |       ||   354
       Dagger            |       |       |       |    18 |   105 ||   123
       Rapier            |       |       |       |       |   696 ||   696
 Cast: Sandblast         |    34 |    12 |     4 |     9 |     6 ||    65
       Stone Arrow       |    12 |    75 |   173 |   346 |   266 ||   872
       Petrify           |       |       |    10 |    36 |    74 ||   120
       Apportation       |       |       |       |     1 |     3 ||     4
       Lee's Rapid Decon |       |       |       |       |    62 ||    62
       Confusing Touch   |       |       |       |       |    41 ||    41
       Mephitic Cloud    |       |       |       |       |     1 ||     1
       Ozocubu's Armour  |       |       |       |       |     1 ||     1
  Use: Scroll            |     1 |     3 |     8 |    13 |     6 ||    31
       Potion            |       |       |       |     1 |     1 ||     2
 Stab: Sleeping          |       |       |     1 |     4 |    39 ||    44
       Petrified         |       |       |     8 |    31 |    35 ||    74
       Distracted        |       |       |       |     1 |    12 ||    13
       Petrifying        |       |       |       |     4 |    13 ||    17
       Confused          |       |       |       |       |    51 ||    51
Armor: Robe              |     5 |     6 |     1 |    11 |    19 ||    42
Dodge: Dodged            |    74 |    66 |    77 |   186 |   773 ||  1176

Table legend: (Time is in decaauts)
 A = Elapsed time spent in this place.
 B = Non-inter-level travel time spent in this place.
 C = Inter-level travel time spent in this place.
 D = Time resting spent in this place.
 E = Time spent auto-exploring this place.
 F = Levels seen in this place.
 G = Mean time per level.
                   A        B        C        D        E       F      G
               +--------+--------+--------+--------+--------+-----+--------+
         Total |  36610 |  35488 |   1122 |   1264 |  29546 |  25 | 1464.4 |
       Dungeon |  22613 |  21895 |    718 |   1021 |  17869 |  15 | 1507.5 |
        Temple |     52 |     46 |      6 |      0 |     38 |   1 |   52.0 |
          Lair |  12909 |  12520 |    389 |    175 |  10836 |   6 | 2151.5 |
  Orcish Mines |    380 |    373 |      7 |      0 |    277 |   2 |  190.0 |
      Gauntlet |    654 |    654 |      0 |     68 |    525 |   1 |  654.0 |
               +--------+--------+--------+--------+--------+-----+--------+

Top non-repeatable levels by time:
  Lair:6: 3188 daAuts
  Lair:5: 2895 daAuts
  Lair:2: 2788 daAuts
    D:14: 2367 daAuts
     D:5: 2354 daAuts
     D:8: 2032 daAuts
    D:10: 1881 daAuts
  Lair:4: 1807 daAuts
     D:2: 1792 daAuts
  Lair:1: 1658 daAuts
     D:6: 1644 daAuts
     D:7: 1575 daAuts
     D:3: 1507 daAuts
     D:9: 1238 daAuts
    D:11: 1219 daAuts
